 Dungeon Crawl Stone Soup version 0.30.1-11-g7821555f0a (webtiles) character file.

Game seed: 11826349707917756207

239 Jerry the Cudgeller (level 5, -2/52 HPs)
             Began as a Troll Gladiator on Dec 8, 2023.
             Splashed by a jelly's acid (8 damage)
             ... on level 3 of the Dungeon.
             The game lasted 00:08:09 (2712 turns).

Jerry the Cudgeller (Troll Gladiator)               Turns: 2712, Time: 00:08:10

Health: -2/52      AC: -8    Str: 30    XL:     5   Next: 79%
Magic:  3/3        EV: 10    Int:  4    God:
Gold:   318        SH:  0    Dex: 11    Spells: 4/4 levels left

rFire   x . .        a - +0 flail
rCold   . . .        (no shield)
rNeg    + . .        k - +2 robe {rN+}
rPois   .            c - +1 hat
rElec   .            h - +0 cloak
rCorr   .            (gloves unavailable)
SInv    +            (boots unavailable)
Will    .....        (no amulet)
Stlth   +            j - +6 ring of strength
HPRegen 1.08/turn    (no ring)
MPRegen 0.08/turn

%: no passive effects
@: corroded
A: large, unfitting armour, claws 3, regeneration 1, shaggy fur 1, tough skin 1,
see invisible, low MP 1, heat vulnerability 1
a: no special abilities


You were on level 3 of the Dungeon.
You visited 1 branch of the dungeon, and saw 3 of its levels.

You collected 384 gold pieces.
You spent 66 gold pieces at shops.

Inventory:

Hand Weapons
 a - a +0 flail (weapon)
Missiles
 d - 2 throwing nets (quivered)
 e - a large rock
Armour
 c - a +1 hat (worn)
 h - a +0 cloak (worn)
 k - a +2 robe of positive energy (worn)
Jewellery
 j - a +6 ring of strength (left claw)
Scrolls
 b - a scroll of identify
 g - a scroll of amnesia {unknown}
Potions
 f - a potion of degeneration {unknown}
 i - 3 potions of curing
 l - a potion of haste {unknown}


   Skills:
 + Level 2.8 Fighting
 + Level 3.8 Maces & Flails
 + Level 3.1 Throwing
 + Level 3.3 Dodging


You had 4 spell levels left.
You didn't know any spells.
Your spell library contained the following spells:

 Spells                   Type           Power      Damage    Failure   Level
 Frozen Ramparts          Ice            0%         1d1       86%         3
 Ice Form                 Ice/Tmut       0%         N/A       99%         4
 Summon Ice Beast         Ice/Summ       0%         N/A       99%         4


Dungeon Overview and Level Annotations

Branches:
Dungeon (3/15)

Altars:
Elyvilon

Shops:
D:1 [


Innate Abilities, Weirdness & Mutations

You are too large for most types of armour.
You have claws for hands.
Your natural rate of healing is unusually fast.
You are covered in fur. (AC +1)
You have tough skin. (AC +1)
You have supernaturally acute eyesight. (SInv)
Your magical capacity is low. (-10% MP)
You are vulnerable to heat. (rF-)


Message History

You are frozen.
You hit the jelly but do no damage.
Your claws burn!
The jelly is moderately wounded.
The jelly hits you but does no damage.
The endoplasm hits the fungus.
The fungus begins to die.
The endoplasm hits you but does no damage.
The jelly hits you but does no damage.
The endoplasm hits the fungus.
The endoplasm hits you but does no damage.
The endoplasm quivers.
You hit the jelly but do no damage.
Your claws burn!
The jelly is moderately wounded.
The jelly hits you but does no damage. The endoplasm freezes you.
You are frozen.
The endoplasm hits the fungus.
The endoplasm freezes you.
You are frozen.
The endoplasm attacks as you move away! The endoplasm misses you.
Something hits the fungus.
The fungus begins to die.
Things that are here:
a +0 whip; a stone; a kobold corpse You sock the jelly!
Your claws burn!
The jelly is almost dead.
The jelly hits you but does no damage.
You hit the jelly but do no damage.
Your claws burn!
The jelly is almost dead.
The jelly hits you. The acid corrodes you!
You are splashed with acid!
You sock the jelly!
You kill the jelly!
The jelly barely misses you.
You hit the jelly but do no damage. The acid corrodes you!
Your claws burn!
The jelly barely misses you.
You hit the jelly but do no damage.
Your claws burn!
The jelly hits you. The acid corrodes you!
You are splashed with acid!
* * * LOW HITPOINT WARNING * * *
You hit the jelly but do no damage.
Your claws burn!
* * * LOW HITPOINT WARNING * * *
The jelly hits you.
* * * LOW HITPOINT WARNING * * *
You are splashed with acid!
You die...

..#........###.....###........
###........##.......##.##########
###........##.......##.# #......
..........###.......##.####.#####
.....#....# #...(...##....#.#
.....#....# #....########.#.###
..........# #....'..#####.#...#
###.......# ########.##.....#.#
###......## ##JJ@...###.#.#.#.###
........### #J####### #.#.#.#....
..........##.JJJ.PJ÷. #.#.#.#####
....##....##JJJJ..... #.#.#.#
######....##.JJ..P.P. #.#.#.#
.......#####.P....÷.. #.#.#.#
.......# #...P÷.÷÷. #.#.#.#
.......# #.P.P.P..$ #.#.#.#
#......# ########## #.#.#.#


You could see a jelly and 2 endoplasms.

Vanquished Creatures
  A jelly (D:3)
  Natasha (D:2)
  Terence (D:3)
  9 adders
  A worm (D:3)
  2 dart slugs (D:2)
  2 orcs (D:3)
  5 endoplasms
  3 giant cockroaches (D:2)
  12 goblins
  5 hobgoblins
  7 jackals
  3 quokkas
  3 ball pythons (D:1)
  15 kobolds
  2 rats
72 creatures vanquished.

Notes
Turn   | Place    | Note
-------+----------+-------------------------------------------
     0 | D:1      | Jerry the Troll Gladiator began the quest for the Orb.
     0 | D:1      | Reached XP level 1. HP: 19/19 MP: 0/0
   102 | D:1      | Found Mass's Antique Armour Shoppe.
   141 | D:1      | Reached XP level 2. HP: 26/28 MP: 1/1
   514 | D:1      | Noticed a floating eye
   517 | D:1      | Found a faded altar of an unknown god.
   519 | D:1      | Noticed a golden eye
   519 | D:1      | Noticed a golden eye
   519 | D:1      | Noticed a great orb of eyes
  1023 | D:1      | Bought a glowing robe for 66 gold pieces
  1071 | D:2      | Reached XP level 3. HP: 34/35 MP: 2/2
  1388 | D:2      | Reached XP level 4. HP: 42/42 MP: 3/3
  1451 | D:2      | Noticed Natasha
  1467 | D:2      | Gained mutation: You are vulnerable to heat. (rF-) [potion
                  | of mutation]
  1467 | D:2      | Gained mutation: You have supernaturally acute eyesight.
                  | (SInv) [potion of mutation]
  1467 | D:2      | Gained mutation: Your magical capacity is low. (-10% MP)
                  | [potion of mutation]
  1504 | D:2      | Killed Natasha
  1598 | D:2      | Found a white marble altar of Elyvilon.
  1820 | D:2      | Reached XP level 5. HP: 50/50 MP: 3/3
  2026 | D:3      | Noticed Terence
  2040 | D:3      | Killed Terence
  2712 | D:3      | Splashed by a jelly's acid

Illustrated notes

Levels and vault maps discovered:
D:1:      minmay_arrival_checkered_box, layout_basic,
          hellmonk_ecumenical_altar_watching_god, serial_shops, shop,
          minmay_gold_behind_fungi, kennysheep_flooded_box
D:2:      layout_basic, basic_altar, uniq_natasha
D:3:      cheibrodos_fertilizer, layout_basic, uniq_terence

Skill      XL: |  1  2  3  4  5 |
---------------+----------------+-----
Throwing       | 2 3 |  3.1
Maces & Flails | 3 |  3.8
Fighting       | 2 |  2.8
Dodging        | 3 |  3.3

Action                     |  1- 3 |  4- 6 || total
---------------------------+-------+-------++-------
  Melee: Flail             |    98 |   154 ||   252
  Throw: Throwing net      |       |     1 ||     1
    Use: Scroll            |       |     5 ||     5
         Potion            |       |     1 ||     1
   Stab: Sleeping          |     2 |     1 ||     3
         Held in net/web   |       |     1 ||     1
 Armour: Robe              |    41 |    70 ||   111
  Dodge: Dodged            |    69 |    83 ||   152
